 Dungeon Crawl Stone Soup version 0.17.0-22-g5edae84 (console) character file.

54 gw the Grave Robber (level 3, 0/26 HPs)
             Began as a Demonspawn Necromancer on Nov 12, 2015.
             Slain by a worm (6 damage)
             ... on level 2 of the Dungeon.
             The game lasted 00:02:11 (3039 turns).

gw the Grave Robber (Demonspawn Necromancer)        Turns: 3039, Time: 00:02:11

Health: 0/26       AC:  3    Str:  8    XL:     3   Next: 66%
Magic:  4/7        EV: 11    Int: 17    God:
Gold:   198        SH:  0    Dex: 13    Spells: 3 memorised, 2 levels left

rFire  . . .     SeeInvis .     b - +0 short sword
rCold  . . .     Clarity  .     e - +0 leather armour
rNeg   . . .     SustAt   .     (no shield)
rPois  .         Gourm    .     (helmet restricted)
rElec  .         Spirit   .     (no cloak)
rCorr  .         Warding  .     (no gloves)
rMut   .         Stasis   .     (no boots)
MR     .....                    (no amulet)
Stlth  ++........               (no ring)
                                (no ring)

@: not resistant to hostile enchantments, unstealthy
A: horns 1, powered by pain 1
a: no special abilities


You were on level 2 of the Dungeon.
You were not hungry.

You visited 1 branch of the dungeon, and saw 2 of its levels.

You collected 198 gold pieces.

Inventory:

Hand Weapons
 b - a +0 short sword (weapon)
Missiles
 d - 8 stones (quivered)
 f - 3 needles of paralysis
Armour
 e - a +0 leather armour (worn)
Books
 a - a book of Necromancy

   Spells                             Type                      Level
   a - Pain                           Necromancy                   1
   b - Animate Skeleton               Necromancy                   1
   c - Vampiric Draining              Necromancy                   3
   d - Regeneration                   Charms/Necromancy            3
   e - Animate Dead                   Necromancy                   4
   f - Control Undead                 Necromancy                   4
Comestibles
 c - 2 bread rations


   Skills:
 + Level 1.3 Fighting
 + Level 1.4 Armour
 - Level 1.7 Dodging
 - Level 1.7 Stealth
 * Level 2.6 Spellcasting
 + Level 4.6 Necromancy


You had 2 spell levels left.
You knew the following spells:

 Your Spells              Type           Power        Failure   Level  Hunger
a - Pain                  Necr           ###.         4%          1    #......
b - Animate Skeleton      Necr           N/A          4%          1    #......
c - Vampiric Draining     Necr           ###.......   14%         3    ###....


Dungeon Overview and Level Annotations

Branches:
Dungeon (2/15)

Altars:
Vehumet
Yredelemnul


Innate Abilities, Weirdness & Mutations

You have a pair of small horns on your head.
You sometimes gain a little power by taking damage.


Message History

The worm convulses in agony!
Unknown command.
Unknown command.
Unknown command.
Unknown command.
KIIIITING; ATTACKING (-1,-1)
You hit the worm. Your headbutt misses the worm.
The worm is severely wounded.
The worm bites you!
You focus on the pain.
You feel your power returning.
Unknown command.
Unknown command.
Unknown command.
Unknown command.
Casting: Pain
Confirm with . or Enter, or press ? or * to list all spells.
Aiming: Pain
Press: ? - help, Shift-Dir - straight line, f/p - worm
Aim: a worm (severely wounded, chance to defeat MR: 84%)
The worm convulses in agony!
The worm bites you.
You die...

77~P# ####...# #P~
~~P# ###.# #.~777
77~P# #.#
#.~~~~77~PP# #.#
#.P~P~P~P.#########.#
...~~........Z.....#
#~P(#####.#########
#%###w#####.#
#.....6Z....#
#############


You could see a worm and a friendly kobold skeleton.

Table legend:
 A = Turns spent in this place as a percentage of turns spent in the entire game.
 B = Non-inter-level travel turns spent in this place as a percentage of non-inter-level travel turns spent in the entire game.
 C = Inter-level travel turns spent in this place as a percentage of turns spent in this place.
 D = Turns resting spent in this place as a percentage of non-inter-level travel turns spent in this place.
 E = Turns spent auto-exploring this place as a percentage of non-inter-level travel turns spent in this place.
 F = Non-inter-level travel turns spent in this place divided by the number of levels of this place that you've seen.
                   A       B       C       D       E      F
               +-------+-------+-------+-------+-------+----------------------
         Total | 100.0 | 100.0 |   1.2 |   6.6 |   2.6 | 1510.0
       Dungeon | 100.0 | 100.0 |   1.2 |   6.6 |   2.6 | 1510.0
               +-------+-------+-------+-------+-------+----------------------

Table legend:
 A = Kills in this place as a percentage of kills in entire the game.
 B = Kills by you in this place as a percentage of kills by you in the entire game.
 C = Kills by friends in this place as a percentage of kills by friends in the entire game.
 D = Other kills in this place as a percentage of other kills in the entire game.
 E = Experience gained in this place as a percentage of experience gained in the entire game.
 F = Experience gained in this place divided by the number of levels of this place that you have seen.
                   A       B       C       D       E      F
               +-------+-------+-------+-------+-------+----------------------
         Total | 100.0 | 100.0 | 100.0 |  -nan | 100.0 |  39.0
       Dungeon | 100.0 | 100.0 | 100.0 |  -nan | 100.0 |  39.0
               +-------+-------+-------+-------+-------+----------------------

Vanquished Creatures
  An adder (D:2)
  A worm (D:2)
  3 giant geckos
  5 bats
  A giant cockroach (D:2)
  8 goblins
  5 hobgoblins
  3 jackals (D:2)
  6 kobolds
  A ball python (D:1)
  6 rats
40 creatures vanquished.

Vanquished Creatures (collateral kills)
  A hobgoblin (D:1)
1 creature vanquished.

Vanquished Creatures (others)
  A plant (D:2)
1 creature vanquished.

Grand Total: 42 creatures vanquished

Notes
Turn   | Place    | Note
--------------------------------------------------------------
     0 | D:1      | gw the Demonspawn Necromancer began the quest for the Orb.
     0 | D:1      | Reached XP level 1. HP: 13/13 MP: 3/3
     2 | D:1      | Learned a level 1 spell: Animate Skeleton
   708 | D:1      | Gained mutation: You have a pair of small horns on your head. [demonic ancestry]
   708 | D:1      | Reached XP level 2. HP: 20/20 MP: 3/5
  1517 | D:1      | Reached skill level 1 in Armour
  1801 | D:2      | Reached skill level 1 in Fighting
  1925 | D:2      | Gained mutation: You sometimes gain a little power by taking damage. [demonic ancestry]
  1925 | D:2      | Reached XP level 3. HP: 26/26 MP: 4/6
  1949 | D:2      | Learned a level 3 spell: Vampiric Draining
  1950 | D:2      | Found a radiant altar of Vehumet.
  2014 | D:2      | Found a basalt altar of Yredelemnul.
  3039 | D:2      | Slain by a worm

Action                   || total
-------------------------++-------
Melee: Short sword       ||     3
Throw: Stone             ||    64
 Cast: Pain              ||    89
       Animate Skeleton  ||    22
  Eat: Chunk             ||     7

Vault maps used:
D:1:      dpeg_arrival_stone_temple_mockup, roderic_roman_lattice
D:2:      lemuel_round_altar, vehumet_crystals, first_bread, serial_bayou_pond_c
